AoeStats
← Dongart

African Clearing

511011479Analyzed
4v4 RM · 12h ago on Oct 3, 2026· 46m 54s· 8 players
Game mode
Random Map
Map size
Large (8 player)
Population
200
Speed
Normal
Resources
Standard
Victory
Conquest
Starting age
Dark Age
Ending age
Imperial Age
RankedLock teamsTeams togetherTeam positionsShared explorationLock speedFull tech treeHidden civsTurbo modeCheats
Victory
Defeat
🇩🇰 Maya · Denmark
1255
+15
🇹🇷 Saracens · Türkiye
1244
+15
🇨🇴 Byzantines · Colombia
1229
+15
🇫🇷 Italians · France
1226
+15
🇨🇦 Japanese · Canada
1249
-16
🇧🇷 Maya · Brazil
1227
-15
🇦🇺 Turks · Australia
1213
-15
🇫🇷 Magyars · France
1196
-14
tretts
13:30 Loom
15:52 Feudal Age
20:39 Castle Age
21:57 Double-Bit Axe
22:57 Fishing Lines
31:39 Imperial Age
29:25 Fletching
30:07 Ballistics
31:00 Bow Saw
30:41 Town Watch
32:51 Pirotechnia
34:23 Chemistry
36:50 Bodkin Arrow
36:55 Padded Archer Armor
40:30 Conscription
40:46 Bracer
41:02 Leather Archer Armor
41:15 Elite Genoese Crossbowman
42:22 Thumb Ring
43:46 Gold Mining
45:31 Two-Man Saw
45:18 Wheelbarrow
45:22 Ring Archer Armor
MyDreams
6:16 Loom
13:01 Feudal Age
17:21 Castle Age
16:42 Fletching
17:50 Scale Barding Armor
23:21 Double-Bit Axe
36:03 Wheelbarrow
41:41 Bow Saw
43:39 Horse Collar
45:26 Husbandry
46:27 Heavy Plow
Dongart
11:57 Loom
14:02 Feudal Age
17:29 Castle Age
15:18 Double-Bit Axe
18:46 Bow Saw
20:30 Wheelbarrow
21:11 Horse Collar
25:31 Scale Mail Armor
25:42 Forging
26:07 Squires
26:40 Chain Mail Armor
26:18 Eagle Warrior
27:13 Gold Mining
27:22 Arson
28:14 Iron Casting
27:44 Heavy Plow
28:54 Pikeman
32:16 Hand Cart
32:25 Stone Mining
33:58 Fletching
37:25 Imperial Age
36:57 Bodkin Arrow
37:58 Stone Shaft Mining
39:06 Holcans
38:40 Elite Eagle Warrior
40:16 Plate Mail Armor
41:08 Coinage
42:15 Two-Man Saw
43:16 Banking
45:23 Crop Rotation
Elfelo
10:30 Loom
13:16 Feudal Age
13:27 Man-at-Arms
13:57 Double-Bit Axe
20:31 Wheelbarrow
37:17 Castle Age
36:10 Horse Collar
37:21 Gold Mining
39:55 Bow Saw
42:01 Gold Shaft Mining
49:08 Imperial Age
47:04 Fletching
47:14 Padded Archer Armor
DropDongHitBong420
11:04 Loom
13:34 Feudal Age
14:12 Man-at-Arms
14:39 Arson
23:26 Forging
23:17 Scale Mail Armor
26:58 Double-Bit Axe
29:41 Horse Collar
33:50 Gold Mining
39:17 Castle Age
37:54 Fletching
38:05 Padded Archer Armor
39:25 Long Swordsman
39:51 Gambesons
40:06 Squires
40:46 Iron Casting
40:26 Chain Mail Armor
40:58 Wheelbarrow
42:12 Bodkin Arrow
42:44 Bow Saw
42:46 Heavy Plow
43:34 Hand Cart
klausera_br
4:27 Loom
14:58 Feudal Age
16:53 Double-Bit Axe
18:25 Fletching
20:13 Padded Archer Armor
22:54 Castle Age
23:10 Crossbowman
23:49 Bodkin Arrow
24:06 Thumb Ring
24:48 Ballistics
26:07 Thumb Ring
37:29 Bow Saw
42:50 Town Watch
lpt42
5:19 Loom
14:15 Feudal Age
16:38 Double-Bit Axe
23:44 Castle Age
23:10 Bloodlines
24:32 Fletching
24:56 Bow Saw
29:28 Bodkin Arrow
33:40 Wheelbarrow
34:38 Thumb Ring
38:49 Imperial Age
36:53 Husbandry
39:29 Gold Mining
39:29 Stone Mining
39:54 Bracer
39:55 Padded Archer Armor
40:42 Parthian Tactics
41:24 Recurve Bow
41:45 Conscription
41:54 Ballistics
44:14 Chemistry
43:57 Light Cavalry
44:44 Heavy Cavalry Archer
MegaPanda
8:15 Loom
13:20 Feudal Age
15:37 Double-Bit Axe
18:22 Castle Age
17:40 Scale Barding Armor
18:38 Bloodlines
20:14 Bow Saw
21:37 Horse Collar
24:07 Wheelbarrow
24:28 Husbandry
25:43 Forging
28:22 Hand Cart
31:21 Chain Barding Armor
33:37 Imperial Age
32:21 Hand Cart
Connection lost

Rejoining the realm…

Still unreachable

The connection could not be restored.

Session expired

The server has moved on; the page needs a fresh start.